 Dungeon Crawl Stone Soup version 0.29-a0-19-gef7f3e67aa (console) character file.

Game seed: 6935525907392358251

43 Cab the Chopper (level 3, -6/29 HPs)
             Began as a Demonspawn Fighter on Jan 29, 2022.
             Was a Follower of Trog.
             Mangled by Sigmund (7 damage)
             ... on level 2 of the Dungeon.
             The game lasted 00:03:48 (1202 turns).

Cab the Chopper (Demonspawn Fighter)                Turns: 1202, Time: 00:03:49

Health: -6/29      AC:  6    Str: 18    XL:     3   Next: 37%
Magic:  3/3        EV:  9    Int:  9    God:    Trog [*.....]
Gold:   31         SH:  4    Dex: 12    Spells: 2/2 levels left

rFire   . . .      SeeInvis .   a - +1 war axe
rCold   . . .      Faith    .   c - +0 buckler
rNeg    + . .      Spirit   .   b - +0 scale mail
rPois   .          Reflect  .   (no helmet)
rElec   .          Harm     .   (no cloak)
rCorr   .          Rampage  .   (no gloves)
Will    .....                   (no boots)
Stlth   ..........              (no amulet)
HPRegen 0.09/turn               e - ring of positive energy
MPRegen 0.08/turn               (no ring)

@: mighty, on berserk cooldown, slowed, very slow
A: foul stench 1, powered by pain 1
a: Renounce Religion, Berserk


You were on level 2 of the Dungeon.
You worshipped Trog.
Trog was aware of your devotion.
You visited 1 branch of the dungeon, and saw 2 of its levels.

You collected 70 gold pieces.
You spent 39 gold pieces at shops.

Inventory:

Hand Weapons
 a - a +1 war axe (weapon)
Armour
 b - a +0 scale mail (worn)
 c - a +0 buckler (worn)
Jewellery
 e - a ring of positive energy (left hand)
Scrolls
 f - a scroll of magic mapping {unknown}
 g - 3 scrolls of teleportation
 h - a scroll of enchant armour {unknown}
 i - a scroll of blinking {unknown}
 j - a scroll of fog {unknown}


   Skills:
 - Level 3.0 Fighting
 + Level 3.5 Axes
 - Level 2.6 Armour
 - Level 2.6 Shields


You had 2 spell levels left.
You didn't know any spells.
Your spell library was empty.

Dungeon Overview and Level Annotations

Branches:
Dungeon (2/15)

Altars:
Trog
Yredelemnul

Shops:
D:2 ?[

Annotations:
D:2 Sigmund


Innate Abilities, Weirdness & Mutations

You may rarely emit foul miasma when damaged in melee.
You sometimes gain a little power by taking damage.


Message History

Found a stone staircase leading up.
You now have 31 gold pieces (gained 10).
Found a stone staircase leading down.
There is a stone staircase leading down here.
Sigmund the Dreaded comes into view.
He is wielding a +0 scythe.
Found a book of Changes.
Sigmund shouts!
A kobold comes into view. It is wielding a +0 dagger.
A red film seems to cover your vision as you go berserk!
You feel yourself moving faster!
You feel mighty!
The kobold shouts!
Sigmund points at you and mumbles some strange words.
You are confused.
You feel a strong urge to attack something.
Sigmund barely misses you.
You bump into the rock wall.
You feel your anger nearly subside.
Sigmund casts a spell.
Sigmund flickers and vanishes!
Deactivating autopickup; reactivate with Ctrl-A.
You are no longer berserk.
You are exhausted.
You feel yourself slow down.
You miss the kobold.
The kobold hits you but does no damage. x3
You hit the kobold.
You kill the kobold!
Trog accepts your kill.
You feel less confused. Something hits you.
You miss something. Something hits you! Something hits you.
You barely miss something. Something hits you.
* * * LOW HITPOINT WARNING * * *
You miss something. Something hits you but does no damage.
You feel very mighty all of a sudden.
You hear some strange, mumbled words.
Something tries to affect you, but you resist.
Something hits you.
* * * LOW HITPOINT WARNING * * *
You barely miss something. Something hits you!
You die...

▒▒∙▒▒ ▒▒▒▒∙▒∙▒▒
∙∙∙∙▒▒▒∙▒ ▒▒▒▒▒
∙∙∙▒∙▒∙▒▒ ▒∙∙∙▒▒
▒▒∙▒▒∙▒▒ ▒∙▒∙∙
▒∙∙∙∙▒▒▒▒▒▒▒▒∙∙∙▒▒
▒▒∙▒∙∙∙∙∙∙∙∙∙∙∙∙)∙▒
∙<∙▒∙▒▒▒▒▒▒▒▒▒▒{▒∙▒▒▒∙▒
∙▒▒▒∙▒ ▒▒▒▒▒▒▒▒∙@∙∙∙∙∙▒
∙▒ ▒∙▒ ▒∙∙∙∙∙∙∙∙∙∙▒▒▒▒▒
∙▒▒▒>▒▒▒∙▒▒▒▒▒▒▒∙∙▒
∙∙∙▒∙∙∙∙∙▒


∙∙∙∙∙∙ ∙∙∙▒∙▒▒▒▒▒ ▒∙▒∙∙∞∙∙ ∙∙∙▒∙▒ ∙▒▒▒∙∙∙∙∙ ∙∙∙▒∙▒ ∙▒ ▒∙∙∙∙ ∙∙∙∙∙▒▒▒▒▒ ∙∙∙∙
∙∩∙∙∙∙∙∙∙∙ There were no monsters in sight!

Vanquished Creatures
  An adder (D:2)
  A dart slug (D:1)
  4 ball pythons
  4 endoplasms
  3 giant cockroaches
  A goblin (D:1)
  4 kobolds
  2 quokkas
  4 bats
  A frilled lizard (D:2)
  5 rats (D:1)
30 creatures vanquished.

Notes
Turn   | Place    | Note
-------+----------+-------------------------------------------
     0 | D:1      | Cab the Demonspawn Fighter began the quest for the Orb.
     0 | D:1      | Reached XP level 1. HP: 18/18 MP: 1/1
     4 | D:1      | Found a faded altar of an unknown god.
    16 | D:1      | Prayed at the altar of an unknown god.
    16 | D:1      | Became a worshipper of Trog the Wrathful
    16 | D:1      | Reached * piety under Trog
   267 | D:1      | Gained mutation: You sometimes gain a little power by
                  | taking damage. [demonic ancestry]
   267 | D:1      | Reached XP level 2. HP: 24/24 MP: 2/2
   554 | D:1      | Identified the +1 robe of the Solstice {Regen+ Str-5 Int+5
                  | Slay+2}
  1016 | D:2      | Gained mutation: You may rarely emit foul miasma when
                  | damaged in melee. [demonic ancestry]
  1016 | D:2      | Reached XP level 3. HP: 29/29 MP: 3/3
  1039 | D:2      | Found a basalt altar of Yredelemnul.
  1072 | D:2      | Found Isoket's Antique Armour Shoppe.
  1121 | D:2      | Found Xame's Magic Scroll Shoppe.
  1131 | D:2      | Bought a scroll of teleportation for 39 gold pieces
  1189 | D:2      | Noticed Sigmund
  1201 | D:2      | HP: 1/29 [something (6)]
  1202 | D:2      | Mangled by Sigmund

Illustrated notes

Levels and vault maps discovered:
D:1:      dpeg_arrival_pits, layout_basic, chequers_ecumenical_altar_simple,
          st_stairs_14, dk_noncrumbling_3
D:2:      layout_loops_ring, serial_shops, nicolae_shop_bloodbath_and_beyond,
          nicolae_shop_temple_entry_statues_fountains, shop, basic_altar,
          uniq_sigmund

Skill      XL: |  1  2 |
---------------+-------+-----
Axes           | 2 3 |  3.5
Fighting       | |  3.0
Armour         | |  2.6
Shields        | |  2.6

Action                   || total
-------------------------++-------
Melee: War axe           ||    73
Invok: Berserk           ||     1
  Use: Scroll            ||     2
       Potion            ||     1
Armor: Scale mail        ||    37
Dodge: Dodged            ||    34
Block: Buckler           ||    12

Table legend: (Time is in decaauts)
 A = Elapsed time spent in this place.
 B = Non-inter-level travel time spent in this place.
 C = Inter-level travel time spent in this place.
 D = Time resting spent in this place.
 E = Time spent auto-exploring this place.
 F = Levels seen in this place.
 G = Mean time per level.
                   A        B        C        D        E       F      G
               +--------+--------+--------+--------+--------+-----+--------+
         Total |   1232 |   1210 |     22 |      0 |    931 |   2 |  616.0 |
       Dungeon |   1232 |   1210 |     22 |      0 |    931 |   2 |  616.0 |
               +--------+--------+--------+--------+--------+-----+--------+

Top non-repeatable levels by time:
     D:1: 980 daAuts
     D:2: 252 daAuts
